 Dungeon Crawl Stone Soup version 0.24-a0-537-g2d01d4ab0a (webtiles) character file.

Game seed: 14194169492675135351

156 Gargoyl the Skirmisher (level 5, -3/46 HPs)
             Began as a Centaur Abyssal Knight on Aug 16, 2019.
             Was a Believer of Lugonu.
             Slain by a worm (10 damage)
             ... on level 2 of the Dungeon.
             The game lasted 00:02:35 (1985 turns).

Gargoyl the Skirmisher (Centaur Abyssal Knight)     Turns: 1985, Time: 00:02:35

Health: -3/46      AC:  5    Str: 15    XL:     5   Next: 15%
Magic:  6/6        EV:  9    Int: 11    God:    Lugonu [**....]
Gold:   107        SH:  4    Dex:  9    Spells: 4/4 levels left

rFire    . . .     SeeInvis .   a - +1 hand axe
rCold    . . .     Gourm    .   (no shield)
rNeg     . . .     Faith    .   b - +1 leather armour
rPois    .         Spirit   .   (no helmet)
rElec    .         Reflect  +   (no cloak)
rCorr    .         Harm     .   (no gloves)
MR       .....                  (no barding)
Stlth    ..........             k - +4 amulet of reflection
HPRegen  0.15/turn              (no ring)
MPRegen  0.10/turn              (no ring)

@: very quick
A: large, hooves 3, deformed body, speed 2, tough skin 3
a: Depart the Abyss, Bend Space, Renounce Religion


You were on level 2 of the Dungeon.
You worshipped Lugonu.
Lugonu was pleased with you.
You were not hungry.

You visited 1 branch of the dungeon, and saw 2 of its levels.
You visited the Abyss 1 time.

You collected 107 gold pieces.

Inventory:

Hand Weapons
 a - a +1 hand axe (weapon)
Armour
 b - a +1 leather armour (worn)
Jewellery
 k - a +4 amulet of reflection (around neck)
Scrolls
 h - a scroll of fear
Potions
 e - 3 potions of brilliance {unknown}
 g - a potion of lignification {unknown}
 j - a potion of flight {unknown}
Comestibles
 c - a ration


   Skills:
 + Level 4.0 Fighting
 + Level 2.6 Axes
 * Level 2.2 Armour
 * Level 1.6 Dodging
 * Level 2.6 Invocations


You had 4 spell levels left.
You didn't know any spells.
Your spell library was empty.

Dungeon Overview and Level Annotations

Branches:
Dungeon (2/15)

Altars:


Innate Abilities, Weirdness & Mutations

You have hooves in place of feet.
Armour fits poorly on your strangely shaped body.
You cover ground very quickly.
You have extremely tough skin. (AC +3)


Message History

Unknown command.
You barely miss the worm.
The worm is lightly wounded.
You closely miss the gnoll. The gnoll hits you! The worm bites you!
The gnoll hits you!
You completely miss the worm. You kick the worm!
The worm is severely wounded.
You hit the gnoll. The gnoll hits you.
Unknown command.
You barely miss the worm.
The worm is severely wounded.
You hit the gnoll. The worm bites you.
* * * LOW HITPOINT WARNING * * *
You block the gnoll's attack.
You hit the worm but do no damage. Your kick misses the worm.
The worm is heavily wounded.
You hit the gnoll but do no damage. The gnoll hits you.
* * * LOW HITPOINT WARNING * * *
The worm bites you!
You die...

*,,,,,..,,.# ###.### *,,*
*,,*,*#.#,.# #.....# *,,#
,,,,,,#..*.##***###.###.###..#
*,,*,,,..,..,,,,,...# #......#
,,,****,.#.***#####.###.###.##
*,** #,#w#* #.....÷...###.*
*,* #.#.# #.###.†.......# *,*
#.#.#####.###.######### *,*
#.........@w..# *,*
###.#####g##### *,*
##.#.####.# *,* #.###>....#
,,* ##.#.###### *** ##.## ###


You could see a worm and a gnoll.

Vanquished Creatures
  A quasit (Abyss:2)
  3 adders (D:2)
  5 gnolls
  A dart slug (D:2)
  3 leopard geckos
  A ball python (D:1)
  A giant cockroach (D:1)
  2 goblins
  3 hobgoblins
  9 jackals
  4 kobolds (D:1)
  5 bats
  4 frilled lizards
  6 rats
48 creatures vanquished.

Notes
Turn   | Place    | Note
-------+----------+-------------------------------------------
     0 | Abyss:1  | Gargoyl the Centaur Abyssal Knight began the quest for the
                  | Orb.
     0 | Abyss:1  | Reached XP level 1. HP: 19/19 MP: 2/2
    17 | Abyss:1  | Found a hide-covered altar of Uskayaw.
    50 | Abyss:2  | Noticed a quasit
    69 | Abyss:2  | Killed a quasit
    69 | Abyss:2  | Reached XP level 2. HP: 6/27 MP: 3/3
    69 | Abyss:2  | Reached XP level 3. HP: 7/33 MP: 4/4
    86 | Abyss:2  | Noticed a small abomination
    88 | D:1      | Escaped the Abyss
   420 | D:1      | Reached * piety under Lugonu
   874 | D:1      | Reached skill level 1 in Dodging
  1215 | D:2      | Reached XP level 4. HP: 38/40 MP: 5/5
  1250 | D:2      | Reached skill level 4 in Fighting
  1471 | D:2      | Reached ** piety under Lugonu
  1693 | D:1      | Reached XP level 5. HP: 21/46 MP: 6/6
  1985 | D:2      | Slain by a worm

Levels and vault maps discovered:
D:1:      minmay_arrival_stair_chambers, layout_rooms, minivault_11
D:2:      minmay_spotlight, layout_loops_ring

Skill      XL: |  1  2  3  4 |
---------------+-------------+-----
Axes           | 2 |  2.6
Dodging        | 1 |  1.6
Fighting       | 4 |  4.0
Armour         | 2 |  2.2
Invocations    | |  2.6

Action                   |  1- 3 |  4- 6 || total
-------------------------+-------+-------++-------
Melee: Hand axe          |    86 |    79 ||   165
       Kick              |     9 |    15 ||    24
Invok: Depart the Abyss  |     1 |       ||     1
  Use: Potion            |     2 |       ||     2
       Scroll            |     4 |       ||     4
  Eat: Chunk             |       |     3 ||     3
Armor: Leather armour    |    72 |    30 ||   102
Dodge: Dodged            |    66 |    50 ||   116
Block: Other             |     4 |    19 ||    23

Table legend:
 A = Non-vault XP
 B = Vault XP
 C = Vault XP percentage of total XP
 D = Non-vault monster count
 E = Vault monster count
 F = Vault count percentage of total count
                 A         B        C        D         E       F
            +---------+---------+-------+---------+---------+-------
      Total |     224 |       0 |   0.0 |      48 |       0 |   0.0
            +---------+---------+-------+---------+---------+-------
        D:1 |      65 |       0 |   0.0 |      24 |       0 |   0.0
        D:2 |     114 |       0 |   0.0 |      23 |       0 |   0.0
    Abyss:2 |      45 |       0 |   0.0 |       1 |       0 |   0.0
            +---------+---------+-------+---------+---------+-------
